 Dungeon Crawl Stone Soup version 0.27-a0-1196-g3e9cee4cb2 (webtiles) character file.

Game seed: 1658678153127704741

5453 bande the Cleaver (level 10, -2/61 HPs)
             Began as a Gargoyle Fighter on May 29, 2021.
             Was a High Priest of Okawaru.
             Killed by divine providence
             ... invoked by an orc priest
              (15 damage)
             ... on level 9 of the Dungeon.
             The game lasted 00:19:10 (11304 turns).

bande the Cleaver (Gargoyle Fighter)               Turns: 11304, Time: 00:19:10

Health: -2/61      AC: 22    Str: 22    XL:     10   Next: 68%
Magic:  13/13      EV:  7    Int:  9    God:    Okawaru [*****.]
Gold:   567        SH: 12    Dex: 10    Spells: 9/9 levels left

rFire    . . .     SeeInvis .   y - +0 war axe (freeze)
rCold    . . .     Faith    +   c - +1 kite shield
rNeg     + . .     Spirit   .   o - +0 chain mail
rPois    ∞         Reflect  .   p - +0 helmet
rElec    +         Harm     .   (no cloak)
rCorr    .         Rampage  .   (no gloves)
Will     .....                  (no boots)
Stlth    ..........             u - amulet of faith
HPRegen  0.20/turn              f - +4 ring of protection
MPRegen  0.13/turn              H - +4 ring of slaying

@: no status effects
A: sickness immunity, AC +7, negative energy resistance 1, electricity
resistance, torment resistance 1, petrification resistance
a: Renounce Religion, Heroism, Finesse


You were on level 9 of the Dungeon.
You worshipped Okawaru.
Okawaru was extremely pleased with you.
You visited 2 branches of the dungeon, and saw 10 of its levels.
You also visited: Sewer.

You collected 567 gold pieces.

Inventory:

Hand Weapons
 a - a +0 war axe
 g - a +0 flail
 y - a +0 war axe of freezing (weapon)
Missiles
 n - 2 atropa-tipped darts (quivered)
 G - a curare-tipped dart
Armour
 c - a +1 kite shield (worn)
 o - a +0 chain mail (worn)
 p - a +0 helmet (worn)
Jewellery
 e - an amulet of reflection
 f - a +4 ring of protection (left hand)
 r - an amulet of magic regeneration
 u - an amulet of faith (around neck)
 w - an amulet of regeneration
 x - a ring of wizardry
 z - a +4 ring of protection
 A - a +4 ring of evasion
 H - a +4 ring of slaying (right hand)
 L - a +4 ring of evasion
Wands
 h - a wand of digging (5)
 l - a wand of acid (7)
 B - a wand of iceblast (8)
 C - a wand of paralysis (6)
 E - a wand of mindburst (13)
Scrolls
 m - 2 scrolls of summoning
 q - 2 scrolls of blinking
 t - a scroll of enchant armour
 I - a scroll of identify
 J - a scroll of fog
Potions
 b - a potion of ambrosia
 d - 4 potions of might
 i - 2 potions of heal wounds
 j - a potion of haste
 k - 3 potions of mutation {unknown}
 s - 2 potions of magic {unknown}
 v - a potion of degeneration {unknown}
 D - 2 potions of resistance {unknown}
 F - 2 potions of curing
 K - a potion of flight {unknown}


   Skills:
 + Level 6.4 Fighting
 + Level 8.2 Axes
 + Level 6.7 Armour
 - Level 1.5 Dodging
 + Level 8.0 Shields
 * Level 5.2 Invocations
 * Level 5.5 Evocations


You had 9 spell levels left.
You didn't know any spells.
Your spell library contained the following spells:

 Spells                   Type           Power      Damage    Failure   Level
 Foxfire                  Conj/Fire      0%         2x1d4     100%        1
 Magic Dart               Conj           0%         1d3       100%        1
 Searing Ray              Conj           0%         3d3       100%        2
 Conjure Flame            Conj/Fire      0%         6-21      100%        3
 Dazzling Flash           Conj/Hex       0%         N/A       100%        3
 Inner Flame              Hex/Fire       0%         N/A       100%        3
 Fulminant Prism          Conj/Hex       0%         3d6       100%        4
 Iskenderun's Mystic Bla  Conj/Tloc      0%         2d3       100%        4
 Sticky Flame             Conj/Fire      0%         2d3       100%        4
 Fireball                 Conj/Fire      0%         3d3       100%        5


Dungeon Overview and Level Annotations

Branches:
Dungeon (9/15)             Temple (1/1) D:4            Lair (0/6) D:9
  Sewer (visited)
    Orc: D:9-12

Altars:
Ashenzari
Cheibriados
Dithmenos
Elyvilon
Fedhas
Gozag
Hepliaklqana
Kikubaaqudgha
Makhleb
Nemelex Xobeh
Okawaru
Qazlal
Ru
Sif Muna
Trog
Uskayaw
Vehumet
Wu Jian
Xom
Yredelemnul
The Shining One

Shops:
D:3 =   D:5 =(**   D:6 ?   D:7 (

Annotations:
D:5 5 runed translucent doors


Innate Abilities, Weirdness & Mutations

You are immune to sickness and miasma.
Your stone body is resilient. (AC +7)
You are immune to poison.
You resist negative energy. (rN+)
You are resistant to electric shocks. (rElec)
You are resistant to unholy torment.
You are immune to petrification.


Message History

The orc closely misses you.
The orc wizard hits you but does no damage.
Unknown command.
The orc hits you but does no damage. x2
The orc priest hits you with a +0 dagger.
The orc wizard points at itself and mumbles some strange words.
The orc wizard flickers and vanishes!
Deactivating autopickup; reactivate with Ctrl-A.
Unknown command.
You slash the orc! You freeze the orc.
You kill the orc!
Okawaru accepts your kill.
You slash the orc! You freeze the orc.
You kill the orc!
Okawaru accepts your kill.
You miss the orc priest. You completely miss something.
You feel less confused.
The orc priest invokes the aid of Beogh against you.
Beogh smites you! You block the orc priest's attack.
Something hits you but does no damage.
You slash something! You freeze something. Okawaru accepts your kill.
Reactivating autopickup.
You feel a bit more experienced.
You slash the orc priest! You freeze the orc priest.
The orc priest invokes the aid of Beogh against you.
Beogh smites you!
* * * LOW HITPOINT WARNING * * *
The orc priest mumbles some strange prayers to Beogh against you.
You struggle to resist.
Things that are here:
a +0 dagger; a +0 robe; an orc corpse You block the orc priest's attack.
The orc priest miscasts a cantrip.
Unknown command.
You barely miss the orc priest.
The orc priest is severely wounded.
The orc priest mumbles some strange prayers to Beogh against you.
Beogh smites you!
You die...

.... ..... ......
...... ......
..≈≈≈≈≈ ...o;.#####
.≈/≈≈≈≈≈.;≈≈≈..)...#
≈..≈≈≈≈≈≈≈≈≈...o)).#
≈≈≈≈≈≈≈≈≈≈≈≈....@..#
≈≈≈≈≈.≈.≈.≈≈≈≈.....#
≈≈≈≈≈≈....≈≈≈......#
≈≈≈≈≈..>.≈.≈≈......#
≈;≈≈≈......≈≈.≈....#
≈≈≈≈≈≈....≈≈≈......#
.≈≈≈≈.....≈≈≈..#####
[)≈≈≈.≈..≈≈≈...#
..≈≈≈≈≈.≈≈≈≈...#
######


You could see 2 electric eels and 2 orc priests.

Vanquished Creatures
  A boulder beetle (D:8)
  Pikel (D:4)
  A troll (D:9)
  2 wyverns
  A yak (D:7)
  A vampire (D:9)
  A steam dragon (D:8)
  An orc warrior (D:6)
  A black bear (D:6)
  3 ogres
  2 sky beasts (D:5)
  2 necrophages
  2 centaurs
  3 wolves (D:9)
  2 kobold brigands
  4 bullfrogs
  4 scorpions
  11 killer bees
  2 centaur zombies
  4 centaur skeletons
  2 jellies
  4 hounds
  2 orc priests
  A gnoll shaman (D:9)
  Natasha (thrice) (D:2)
  5 orc wizards
  3 iguanas
  A killer bee zombie (D:8)
  Robin (D:4)
  8 gnolls
  A howler monkey skeleton (D:7)
  18 adders
  A white imp (D:8)
  3 dart slugs
  17 orcs
  10 ball pythons
  2 bats
  13 endoplasms
  15 giant cockroaches
  4 hobgoblins
  7 jackals (D:1)
  16 kobolds
  15 quokkas
  9 frilled lizards
  17 goblins
  2 hobgoblin zombies (D:8)
  A kobold skeleton (D:8)
  A kobold zombie (D:8)
  2 orc zombies (D:8)
  5 rats
238 creatures vanquished.

Notes
Turn   | Place    | Note
-------+----------+-------------------------------------------
     0 | D:1      | bande the Gargoyle Fighter began the quest for the Orb.
     0 | D:1      | Reached XP level 1. HP: 14/14 MP: 1/1
    47 | D:1      | Reached XP level 2. HP: 3/19 MP: 2/2
   738 | D:1      | Reached XP level 3. HP: 20/24 MP: 3/3
  1604 | D:2      | Noticed Natasha
  1610 | D:2      | Killed Natasha
  1611 | D:2      | Reached XP level 4. HP: 19/29 MP: 4/4
  1700 | D:2      | Noticed Natasha
  1708 | D:2      | Killed Natasha
  1716 | D:2      | Noticed Natasha
  1724 | D:2      | Killed Natasha
  1725 | D:2      | Reached XP level 5. HP: 31/33 MP: 5/5
  1818 | D:2      | Found a radiant altar of Vehumet.
  2383 | D:3      | Reached skill level 1 in Dodging
  2531 | D:3      | Found Qepnaud's Jewellery Shoppe.
  2743 | D:3      | Reached XP level 6. HP: 34/38 MP: 6/6
  3091 | D:3      | Found a faded altar of an unknown god.
  3335 | D:4      | Reached skill level 1 in Evocations
  3367 | D:4      | Found a staircase to the Ecumenical Temple.
  3372 | D:4      | Found a glowing drain.
  3395 | D:4      | Noticed Robin
  3421 | D:4      | Killed Robin
  3486 | Sewer    | Entered a sewer
  3678 | Sewer    | Reached XP level 7. HP: 40/44 MP: 7/7
  4039 | Sewer    | Reached skill level 5 in Shields
  4205 | Temple   | Entered the Ecumenical Temple
  4266 | Temple   | Became a worshipper of Warmaster Okawaru
  4468 | D:4      | Noticed Pikel
  4560 | D:4      | Killed Pikel
  4560 | D:4      | Reached * piety under Okawaru
  4561 | D:4      | Reached skill level 5 in Axes
  4561 | D:4      | Reached XP level 8. HP: 29/48 MP: 8/8
  4960 | D:4      | Found a shimmering blue altar of Sif Muna.
  4960 | D:4      | Found a snail-covered altar of Cheibriados.
  5096 | D:4      | Found an ancient bone altar of Kikubaaqudgha.
  5245 | D:5      | Entered Level 5 of the Dungeon
  5254 | D:4      | Reached skill level 5 in Fighting
  5263 | D:5      | Reached skill level 1 in Invocations
  5408 | D:5      | Reached skill level 5 in Armour
  5467 | D:5      | Found Imnuitheg's Assorted Antiques.
  5894 | D:5      | Found Moull's Weapon Emporium.
  5902 | D:5      | Found Meoquck's Jewellery Boutique.
  5975 | D:5      | Found a hide-covered altar of Uskayaw.
  6011 | D:5      | Found an opulent altar of Gozag.
  6023 | D:5      | Reached ** piety under Okawaru
  6024 | D:5      | Reached XP level 9. HP: 54/54 MP: 10/10
  6144 | D:5      | Found a runed translucent door.
  6151 | D:5      | Found a runed translucent gate.
  6153 | D:5      | Found a runed translucent gate.
  6153 | D:5      | Found a runed translucent gate.
  6163 | D:5      | Found a runed translucent door.
  6185 | D:5      | Found the +9 staff of Olgreb {rPois∞}
  6425 | D:5      | Found Zuschor's General Store.
  6952 | D:6      | Found a blossoming altar of Fedhas.
  7178 | D:6      | Found Jomuy's Magic Scroll Emporium.
  7253 | D:6      | Identified the +0 robe of Dim Light {Drain rC++}
  7915 | D:6      | Reached *** piety under Okawaru
  8288 | D:7      | Found a white marble altar of Elyvilon.
  8418 | D:7      | Found a stormy altar of Qazlal.
  8433 | D:7      | Found Dadarih's Weapon Boutique.
  8953 | D:7      | Found a shadowy altar of Dithmenos.
  9696 | D:8      | Reached **** piety under Okawaru
  9697 | D:8      | Reached XP level 10. HP: 54/60 MP: 13/13
  9757 | D:8      | Found a glowing golden altar of the Shining One.
 10018 | D:8      | Noticed a boulder beetle
 10067 | D:8      | Killed a boulder beetle
 10592 | D:8      | Found a sparkling altar of Nemelex Xobeh.
 10650 | D:8      | Reached skill level 5 in Evocations
 10779 | D:8      | Found a bloodstained altar of Trog.
 10876 | D:9      | Reached ***** piety under Okawaru
 11009 | D:9      | Reached skill level 5 in Invocations
 11082 | D:9      | Found a staircase to the Lair.
 11304 | D:9      | Killed from afar by an orc priest

Illustrated notes

Levels and vault maps discovered:
D:1:      lightli_arrival_quake, layout_basic, minmay_tetromino_t2
D:2:      layout_rooms, basic_altar, uniq_natasha
D:3:      layout_loops_ring, serial_shops, shop, ebering_ecumenical_altar_webs
D:4:      layout_basic, nicolae_kikubaaqudgha_miasma_corner,
          chequers_temple_overflow_statue_of_worship,
          minmay_temple_entry_overgrown, gup_sewer_entry_glass, uniq_pikel,
          uniq_robin
D:5:      layout_basic, kennysheep_little_box, general_overflow_altar,
          serial_shops, shop, shop_statue, nicolae_shop_overgrown_old_shop,
          shop_coins, minmay_strange_pillars, minmay_misc_feat_diagonals,
          minmay_guarded_unrand_staff_of_olgreb
D:6:      layout_loops_ring, fedhas_ov_isle_minmay, serial_shops,
          nicolae_shop_stone
D:7:      layout_layer_cave, grunt_dithmenos_smoke_and_mirrors,
          nicolae_overflow_hidden_temple, elyvilon_altar_3, serial_shops, shop,
          kennysheep_generic_room_13
D:8:      layout_loops_ring, kennysheep_mini, lightli_temple_of_fire,
          nicolae_tso_besieged_by_evil
D:9:      layout_basic, erik_lair_island, enter_bailey_2, uniq_prince_ribbit1
Temple:   compressed_dpeg_circular_temple

Skill      XL: |  1  2  3  4  5  6  7  8  9 10 |
---------------+-------------------------------+-----
Axes           | 2 3 4 5 6 7 8 |  8.2
Fighting       | 4 5 6 |  6.4
Armour         | 4 5 6 |  6.7
Shields        | 4 5 6 7 8 |  8.0
Dodging        | 1 |  1.5
Evocations     | 1 2 3 4 5 |  5.5
Invocations    | 2 4 5 |  5.2

Action                   |  1- 3 |  4- 6 |  7- 9 | 10-12 || total
-------------------------+-------+-------+-------+-------++-------
Melee: War axe           |    91 |   222 |   464 |   189 ||   966
Invok: Heroism           |       |       |       |     1 ||     1
  Use: Scroll            |       |     3 |    10 |     1 ||    14
       Potion            |       |       |       |     5 ||     5
Armor: Scale mail        |    41 |    93 |       |       ||   134
       Chain mail        |       |    28 |   314 |   156 ||   498
Dodge: Dodged            |    40 |    57 |   130 |    93 ||   320
Block: Kite shield       |    58 |   235 |   392 |   166 ||   851
       Reflection        |       |     3 |       |       ||     3

Table legend: (Time is in decaauts)
 A = Elapsed time spent in this place.
 B = Non-inter-level travel time spent in this place.
 C = Inter-level travel time spent in this place.
 D = Time resting spent in this place.
 E = Time spent auto-exploring this place.
 F = Levels seen in this place.
 G = Mean time per level.
                   A        B        C        D        E       F      G
               +--------+--------+--------+--------+--------+-----+--------+
         Total |  11785 |  11702 |     83 |   2257 |   6489 |  11 | 1071.4 |
       Dungeon |  10834 |  10751 |     83 |   2038 |   6251 |   9 | 1203.8 |
        Temple |     86 |     86 |      0 |      0 |      0 |   1 |   86.0 |
         Sewer |    865 |    865 |      0 |    219 |    238 |   1 |  865.0 |
               +--------+--------+--------+--------+--------+-----+--------+

Top non-repeatable levels by time:
     D:5: 1743 daAuts
     D:1: 1648 daAuts
     D:7: 1589 daAuts
     D:3: 1209 daAuts
     D:8: 1169 daAuts
     D:6: 1162 daAuts
     D:4: 1111 daAuts
   Sewer: 865 daAuts
     D:2: 675 daAuts
     D:9: 524 daAuts
  Temple: 86 daAuts
